 Dungeon Crawl Stone Soup version 0.13.0-25-g43d4df3 (webtiles) character file.

151 MDvedh the Cudgeler (level 3, -2/20 HPs)
             Began as a Gargoyle Warper on Oct 27, 2013.
             Slain by a gnoll
             ... wielding a +0,+0 spear
              (3 damage)
             ... on Level 2 of the Dungeon.
             The game lasted 00:02:14 (1136 turns).

MDvedh the Cudgeler (Gargoyle Warper)               Turns: 1136, Time: 00:02:14

HP  -2/20        AC 10     Str 15      XL: 3   Next: 83%
MP   4/4         EV  9     Int 13      God:
Gold 100         SH  0     Dex  9      Spells:  1 memorised,  5 levels left

Res.Fire  : . . .   See Invis. : .   q - +2 elf whip (venom)
Res.Cold  : . . .   Warding    : .   j - +0 ring mail
Life Prot.: + . .   Conserve   : .   (no shield)
Res.Poison: +       Res.Corr.  : .   t - +1 wizard hat
Res.Elec. : +       Clarity    : .   m - +0 cloak
Sust.Abil.: + .     Spirit.Shd : .   (no gloves)
Res.Mut.  : .       Stasis     : .   (no boots)
Res.Rott. : +       Flight     : .   (no amulet)
Saprovore : . . .                    (no ring)
                                     s - ring of sustain abilities {unknown}

@: not resistant to hostile enchantments, extremely unstealthy
A: fangs 1, talons 2, life protection 1, electricity resistance, slow metabolism
1, unbreathing, petrification resistance, AC +3
a: no special abilities


You were on level 2 of the Dungeon.
You were not hungry.

You visited 1 branch of the dungeon, and saw 2 of its levels.

You collected 50 gold pieces.

Inventory:

Hand weapons
 a - a +0,+0 mace
 q - a +2,+2 elven whip of venom (weapon)
Missiles
 e - 15 darts (quivered)
 f - 10 darts of dispersal
Armour
 j - a +0 ring mail (worn)
 m - a +0 cloak (worn)
 t - a +1 wizard hat (worn)
Comestibles
 g - 2 bread rations
Scrolls
 d - 2 scrolls of blinking
 h - a scroll of fear {unknown}
 k - a scroll of enchant weapon I {unknown}
 l - 2 scrolls of identify {unknown}
 o - 2 scrolls of teleportation {unknown}
 r - a scroll of noise {unknown}
 u - 2 scrolls of amnesia {unknown}
 v - 2 scrolls of remove curse {unknown}
Jewellery
 b - an uncursed ring of ice
 s - a ring of sustain abilities (left hand) {unknown}
Potions
 i - 2 potions of curing {unknown}
 n - a potion of restore abilities {unknown}
 p - 2 potions of resistance {unknown}
 w - a potion of speed {unknown}
Books
 c - a book of Spatial Translocations

   Spells                             Type                      Level
   *Apportation                       Translocation                1
   Portal Projectile                  Translocation                2
   Blink                              Translocation                2
   Shroud of Golubria                 Charms/Translocation         2
   Teleport Other                     Translocation                3
   Passage of Golubria                Translocation                4


   Skills:
 - Level 2.1 Fighting
 + Level 4.4 Maces & Flails
 - Level 1.0 Throwing
 - Level 1.1 Armour
 - Level 1.5 Dodging
 - Level 2.0 Spellcasting
 - Level 2.6 Translocations


You had 5 spell levels left.
You knew the following spells:

 Your Spells              Type           Power        Failure   Level  Hunger
a - Apportation           Tloc           #.........   12%         1    ##.....


Dungeon Overview and Level Annotations

Branches:
Dungeon (2/27)

Altars:
Fedhas


Innate Abilities, Weirdness & Mutations

You are resistant to torment.
You are immune to poison.
Your stone body is very resilient (AC +3).
You have very sharp teeth.
You have razor-sharp toenails.
You resist negative energy.
You are resistant to electric shocks.
You have a slow metabolism.
You can survive without breathing.
You are immune to petrification.


Message History

The gnoll hits you but does no damage. The giant gecko closely misses you.
The gnoll barely misses you. The gnoll hits you but does no damage.
You closely miss the gnoll.
The giant gecko bites you but does no damage.
The gnoll hits you but does no damage. The gnoll barely misses you.
You hit the gnoll.
The gnoll is poisoned.
Your bite misses the gnoll.
The gnoll is lightly wounded.
The gnoll hits you but does no damage. The giant gecko barely misses you.
The gnoll hits you with a halberd! The gnoll closely misses you.
You closely miss the gnoll.
The gnoll is lightly wounded.
The giant gecko closely misses you.
The gnoll hits you from afar with a spear.
* * * LOW HITPOINT WARNING * * *
Unknown command.
The gnoll hits you but does no damage.
The gnoll hits you from afar with a halberd.
* * * LOW HITPOINT WARNING * * *
The gnoll hits you from afar with a spear.
You die...

.... .#. .#.........
..... .. .......###
.#....##.# .. .........
#.........#.... ........
#.#.#.....#.... .......
#.......g...... ......
........wggg..... ...
#..lg.# .
#.###..@#######.#
................... #.
#.###...#..#....# ##.
..###.###..# . ...
............# . #.
............###.. #..####
...###............#....##
................. .......
.........................


You could see a worm, 4 gnolls, a giant gecko and a hobgoblin.

Vanquished Creatures
  An adder (D:2)
  A giant mite (D:2)
  2 giant cockroaches
  5 goblins
  5 hobgoblins
  2 jackals (D:2)
  A quokka (D:2)
  8 bats
  2 giant newts
  5 kobolds
  3 rats (D:2)
35 creatures vanquished.

Notes
Turn   | Place    | Note
--------------------------------------------------------------
     0 | D:1      | MDvedh, the Gargoyle Warper, began the quest for the Orb.
     0 | D:1      | Reached XP level 1. HP: 12/12 MP: 1/1
   312 | D:1      | Reached skill level 3 in Maces & Flails
   312 | D:1      | Reached XP level 2. HP: 13/16 MP: 3/3
   709 | D:2      | Reached skill level 4 in Maces & Flails
   709 | D:2      | Reached XP level 3. HP: 15/20 MP: 4/4
   878 | D:2      | Found a blossoming altar of Fedhas.
  1136 | D:2      | HP: 1/20 [gnoll/halberd (5)]
  1136 | D:2      | Slain by a gnoll

Action                   || total
-------------------------++-------
Melee: Mace              ||    39
       Whip              ||    64
